Map: Ascension to Aiur LE

Players

LoveMe (HateMe)

  • Race: Zerg Zerg
  • League: Master
  • Spawn Location: 5:00

Railgan - Winner!

  • Race: Zerg Zerg
  • League: Master
  • Spawn Location: 11:00

VOD

https://www.youtube.com/watch?v=ldMMc_fscvA

Description

Time

  • Played on: Nov. 19, 2017, 1:53 p.m.
  • Length: 11:33
Show
View Real Time Build Order
Export as new Build Order

LoveMe Zerg 

Build Orders: Hatch First 

Get SALT Encoding   

  12  0:02  Drone  
  13  0:12  Overlord  
  13  0:17  Drone  
  14  0:31  Drone x2  
  14  0:35  Drone  
  17  0:51  Hatchery  
  17  0:54  Drone  
  17  0:58  Drone  
  18  1:07  Extractor  
  17  1:12  Spawning Pool  
  17  1:15  Drone  
  18  1:18  Drone  
  18  1:28  Drone  
  19  1:38  Overlord  
  19  1:49  Drone  
  20  1:58  Queen  
  22  2:02  Queen  
  22  2:04  Zergling x4  
  26  2:10  Metabolic Boost  
  26  2:12  Zergling x2  
  26  2:14  Drone  
  28  2:22  Drone  
  29  2:27  Drone  
  30  2:37  Hatchery  
  30  2:41  Drone  
  30  2:42  Drone  
  31  2:49  Baneling Nest  
  31  2:51  Drone  
  31  2:55  Overlord  
  31  3:06  Drone  
  31  3:07  Drone x2  
  31  3:08  Drone  
  31  3:10  Drone  
  36  3:17  Zergling x4  
  38  3:20  Drone x2  
  38  3:25  Overlord  
  39  3:36  Drone x3  
  39  3:39  Baneling x2  
  42  3:44  Overlord  
  42  3:46  Drone x4  
  45  3:54  Queen  
  47  3:55  Zergling x2  
  47  3:56  Zergling x2  
  47  3:57  Baneling x2  
  47  3:59  Zergling x2  
  50  4:07  Evolution Chamber  
  48  4:10  Zergling x4  
  48  4:12  Drone x4  
  54  4:19  Extractor, Lair  
  52  4:24  Zergling x2  
  52  4:26  Drone x4  
  57  4:31  Roach Warren  
  57  4:34  Zerg Missile Weapons Level 1  
  57  4:35  Drone  
  57  4:42  Drone  
  57  4:43  Drone x4  
  60  4:54  Baneling x2  
  59  5:04  Zergling x2  
  59  5:05  Zergling x12  
  65  5:08  Overlord  
  65  5:09  Overlord  
  65  5:10  Overlord  
  65  5:18  Baneling  
  65  5:26  Roach  
  65  5:27  Overlord  
  64  5:31  Roach x2  
  64  5:32  Roach x6  
  77  5:40  Roach  
  79  5:45  Roach  
  79  5:49  Extractor  
  74  5:50  Extractor  
  74  5:51  Extractor  
  74  5:56  Roach  
  74  5:58  Overlord  
  74  6:00  Zergling x12  
  76  6:09  Roach  
  76  6:23  Roach x2  
  73  6:29  Drone x5  
  63  6:33  Queen  
  63  6:34  Queen  
  65  6:44  Roach x3  
  71  6:47  Zergling x2  
  71  6:48  Zergling x8  
  73  6:55  Glial Reconstitution  
  73  7:00  Drone  
  73  7:01  Drone x2  
  76  7:02  Queen  
  76  7:12  Baneling x2  
  76  7:18  Overlord  
  76  7:21  Drone x5  
  81  7:34  Roach x3  
  82  7:44  Roach x6  
  92  7:51  Overlord  
  92  7:53  Overseer  
  92  7:54  Drone  
  92  7:55  Drone x4  
  92  7:56  Queen  
  99  8:00  Overlord  
  99  8:02  Drone  
  100  8:06  Drone  
  100  8:09  Spore Crawler  
  100  8:11  Spore Crawler  
  99  8:18  Queen  
  102  8:20  Drone x7  
  102  8:23  Spore Crawler  
  107  8:28  Overlord x2  
  107  8:32  Spore Crawler  
  106  8:35  Baneling x3, Spore Crawler  
  106  8:37  Queen  
  106  8:39  Queen  
  109  8:48  Hydralisk Den  
  76  9:06  Queen, Spore Crawler  
  76  9:09  Drone, Spore Crawler  
  72  9:10  Drone x10  
  72  9:13  Queen  
  83  9:24  Hydralisk x4  
  83  9:30  Spore Crawler  
  90  9:31  Spore Crawler  
  90  9:34  Spore Crawler  
  90  9:37  Hydralisk, Spore Crawler  
  89  9:39  Zergling x4  
  91  9:51  Hydralisk x3  
  86  10:01  Hydralisk x2  
  87  10:07  Hydralisk  
  77  10:24  Overlord x2  
  77  10:28  Queen x2  
  69  10:33  Queen  
  71  10:36  Spore Crawler  
  71  10:37  Spore Crawler  
  59  10:44  Hydralisk x3  
  63  10:50  Hydralisk x2  
  63  10:56  Hydralisk  
  66  11:01  Extractor  
  66  11:03  Zergling x10  
Show
View Real Time Build Order
Export as new Build Order

Railgan Zerg - Winner!

Build Orders: Hatch First 

Get SALT Encoding   

  12  0:02  Drone  
  13  0:16  Overlord  
  13  0:18  Drone  
  14  0:34  Drone x2  
  16  0:38  Drone  
  17  0:52  Hatchery  
  17  0:55  Drone  
  17  0:59  Drone  
  18  1:10  Extractor  
  17  1:14  Spawning Pool  
  17  1:17  Drone  
  17  1:21  Drone  
  18  1:31  Drone  
  19  1:42  Overlord  
  19  2:03  Queen  
  19  2:05  Zergling x2, Queen  
  19  2:06  Drone x2  
  26  2:13  Metabolic Boost  
  26  2:15  Drone x2  
  28  2:25  Drone  
  28  2:27  Drone  
  30  2:36  Overlord  
  30  2:37  Zergling x2  
  30  2:40  Queen  
  30  2:43  Queen  
  35  2:49  Drone  
  36  2:53  Overlord  
  36  2:58  Drone x2  
  38  3:08  Drone  
  39  3:14  Drone x3  
  39  3:15  Drone x3  
  39  3:16  Zergling x2  
  46  3:22  Queen  
  46  3:25  Pneumatized Carapace  
  46  3:26  Zergling x4  
  50  3:36  Drone, Overlord  
  51  3:47  Drone  
  52  3:49  Evolution Chamber  
  51  3:55  Overlord  
  51  3:56  Drone x2  
  51  4:00  Drone, Hatchery  
  53  4:04  Drone x2  
  53  4:05  Baneling Nest  
  53  4:06  Extractor  
  51  4:11  Queen  
  50  4:22  Drone x4  
  54  4:25  Zergling x8  
  58  4:35  Zergling x2  
  58  4:36  Zergling x8  
  63  4:41  Extractor  
  63  4:43  Zergling x2  
  63  4:47  Zergling x2  
  63  4:50  Baneling  
  63  4:51  Zergling x2  
  65  4:53  Zergling x4  
  67  5:02  Zergling x6  
  67  5:06  Lair  
  68  5:07  Zerg Ground Armor Level 1  
  68  5:14  Zergling x4  
  69  5:17  Baneling x2  
  69  5:23  Hatchery  
  69  5:24  Zergling x4  
  69  5:25  Zergling x8  
  69  5:26  Zergling x2  
  69  5:28  Zergling x2  
  72  5:34  Zergling x2  
  68  5:37  Zergling x2  
  68  5:45  Drone  
  65  5:51  Zergling x8  
  65  5:56  Zergling x2  
  70  6:01  Zergling x2  
  70  6:03  Drone  
  72  6:08  Zergling x2  
  72  6:09  Baneling  
  73  6:13  Drone  
  73  6:16  Overlord  
  72  6:19  Spire, Zergling x2, Extractor  
  72  6:20  Zergling x8  
  68  6:28  Zergling x8  
  68  6:29  Zergling x2  
  68  6:32  Zergling x2  
  71  6:36  Zergling x2  
  71  6:46  Drone  
  71  6:47  Drone  
  72  6:48  Drone  
  72  6:50  Drone x4  
  72  6:51  Overlord  
  72  6:54  Drone x2  
  77  7:03  Zergling x10  
  79  7:10  Drone x3  
  79  7:11  Overlord  
  79  7:14  Extractor  
  79  7:15  Zergling x2, Extractor  
  80  7:33  Zergling x20  
  80  7:36  Mutalisk x3  
  95  7:42  Mutalisk  
  95  7:43  Mutalisk  
  97  7:49  Mutalisk x2  
  99  7:52  Mutalisk  
  99  7:53  Mutalisk  
  99  7:56  Overlord, Spore Crawler  
  103  7:59  Spine Crawler  
  103  8:02  Overlord  
  100  8:08  Zergling x2  
  99  8:14  Mutalisk  
  99  8:15  Mutalisk x4  
  109  8:22  Unknown  
  109  8:23  Mutalisk  
  109  8:24  Mutalisk x2  
  109  8:26  Baneling  
  116  8:27  Zergling x4  
  116  8:29  Drone  
  116  8:30  Drone  
  119  8:34  Baneling x4  
  119  8:40  Baneling x5  
  119  8:41  Drone  
  112  8:59  Mutalisk x3  
  112  9:01  Zergling x2  
  112  9:02  Zergling x8  
  114  9:06  Zergling x2  
  109  9:12  Mutalisk  
  109  9:13  Mutalisk  
  109  9:15  Zergling x10  
  116  9:19  Zergling x2  
  116  9:20  Zergling x2  
  116  9:21  Overlord  
  116  9:24  Zergling x2  
  119  9:25  Overlord  
  119  9:34  Baneling  
  119  9:35  Baneling x5  
  119  9:37  Zerg Melee Weapons Level 1  
  119  9:43  Zergling x8  
  119  9:44  Zergling x2  
  119  9:53  Zergling x2  
  119  9:57  Zergling x2  
  119  9:58  Zergling x16  
  117  10:05  Mutalisk x3  
  119  10:08  Zergling x2  
  119  10:13  Zergling x6  
  121  10:18  Mutalisk  
  115  10:22  Zergling x2  
  115  10:23  Zergling x6  
  117  10:30  Zergling x2  
  117  10:31  Mutalisk  
  117  10:32  Mutalisk  
  117  10:33  Zergling x2  
  123  10:38  Zergling x2  
  123  10:40  Zergling x6  
  123  10:41  Zergling x2  
  127  10:44  Zergling x2  
  127  10:48  Drone x2  
  127  10:49  Unknown  
  125  10:52  Zergling x2  
  125  10:53  Zergling x2  
  127  11:00  Overlord  
  127  11:06  Overlord  
Tags
 
Add a new tag
Caveats
  • Supply blocks, unpowered buildings, or Contaminate may cause inaccurate times.
  • Supply counts are checked every 10 seconds.